 Dungeon Crawl Stone Soup version 0.31-a0-1161-g593ecc88b7 (webtiles) character file.

Game seed: 17597266842667602711

224 Maratek the Trooper (level 5, 0/46 (48) HPs)
             Began as a Minotaur Fighter on Dec 8, 2023.
             Was an Initiate of the Shining One.
             Succumbed to Crazy Yiuf's poison
             ... on level 3 of the Dungeon.
             The game lasted 00:03:34 (3519 turns).

Maratek the Trooper (Minotaur Fighter)              Turns: 3519, Time: 00:03:34

HP:   0/46 (48)     AC:  7    Str: 20    XL:     5   Next: 67%
MP:   4/4           EV: 14    Int:  5    God:    the Shining One [......]
Gold: 322           SH:  5    Dex: 12    Spells: 4/4 levels left

rFire   + . .        a - +1 long sword
rCold   . . .        c - +0 buckler
rNeg    . . .        b - +0 scale mail
rPois   .            (helmet restricted)
rElec   .            (no cloak)
rCorr   .            (no gloves)
SInv    .            (no boots)
Will    .....        (no amulet) Stlth
                     h - ring of protection from fire
HPRegen 0.27/turn    n - +5 ring of evasion
MPRegen 0.09/turn

%: no passive effects
@: lethally poisoned (0 -> -2), glowing, lightly drained
A: horns 2, retaliatory headbutt
a: Renounce Religion


You were on level 3 of the Dungeon.
You worshipped the Shining One.
The Shining One was noncommittal.
You visited 1 branch of the dungeon, and saw 4 of its levels.

You collected 322 gold pieces.

Inventory:

Hand Weapons
 a - a +1 long sword (weapon)
Armour
 b - a +0 scale mail (worn)
 c - a +0 buckler (worn)
Jewellery
 h - a ring of protection from fire (left hand)
 n - a +5 ring of evasion (right hand)
Scrolls
 e - a scroll of amnesia {unknown}
 g - a scroll of teleportation
 j - 2 scrolls of blinking
 q - a scroll of summoning
 t - a scroll of enchant armour {unknown}
Potions
 d - a potion of might
 f - 3 potions of degeneration {unknown}
 i - a potion of curing {unknown}
 k - a potion of haste {unknown}
 l - 2 potions of lignification {unknown}
 m - a potion of resistance {unknown}
 o - a potion of heal wounds {unknown}
 p - 2 potions of brilliance {unknown}
 r - a potion of invisibility {unknown}
 s - a potion of berserk rage {unknown}


   Skills:
 + Level 5.0 Fighting
 + Level 4.2 Long Blades
 + Level 4.9 Armour
 + Level 4.9 Shields


You had 4 spell levels left.
You didn't know any spells.
Your spell library was empty.

Dungeon Overview and Level Annotations

Branches:
Dungeon (4/15)
 Temple: D:4-7

Altars:
Ru
Vehumet
The Shining One

Shops:
D:2 [   D:4 (

Annotations:
D:3 Crazy Yiuf


Innate Abilities, Weirdness & Mutations

You have a pair of horns on your head.
You reflexively headbutt those who attack you in melee.


Message History

Could not explore, unopened runed door.
No reachable target in view!
You open the door. You hit Crazy Yiuf but do no damage.
Crazy Yiuf hits you with a +3 quarterstaff of chaos.
You hit Crazy Yiuf.
Crazy Yiuf is lightly wounded.
Crazy Yiuf whimpers, "Action!
Seed koolooloo shoe."
Crazy Yiuf hits you with a +3 quarterstaff of chaos.
You closely miss Crazy Yiuf. Your headbutt misses Crazy Yiuf.
Crazy Yiuf is lightly wounded.
Crazy Yiuf says, "Proton mumblescurry sow!"
You block Crazy Yiuf's attack.
You closely miss Crazy Yiuf. You headbutt Crazy Yiuf.
Crazy Yiuf is moderately wounded.
Crazy Yiuf barely misses you.
Crazy Yiuf hits you with a +3 quarterstaff of chaos!
You feel drained.
You barely miss Crazy Yiuf.
Crazy Yiuf is moderately wounded.
Crazy Yiuf cries, "Ten!
East illywillydillykilly unthinkable."
Crazy Yiuf hits you with a +3 quarterstaff of chaos!
* * * LOW HITPOINT WARNING * * *
You are poisoned.
You hit Crazy Yiuf.
Crazy Yiuf is heavily wounded.
You feel sick.
Crazy Yiuf hits you with a +3 quarterstaff of chaos!
The Shining One protects you from harm!
You hit Crazy Yiuf.
Crazy Yiuf is heavily wounded.
You feel sick. You block Crazy Yiuf's attack.
You hit Crazy Yiuf but do no damage.
Crazy Yiuf is heavily wounded.
You feel sick. Crazy Yiuf barely misses you.
Crazy Yiuf hits you with a +3 quarterstaff of chaos.
* * * LOW HITPOINT WARNING * * *
You slash Crazy Yiuf!
Crazy Yiuf is almost dead.
You die...

....(.<........# #..##.#(..# ##
...............######.##.##### #
....................#.##...### #
####'##.##################...####
#.##.# #...'... #.#### ###...####
#.#####♣♣ ### #.#...# #
####.##.#..♣♣ ♣♣#..)# #.#...# #
#...........♣♣♣♣@g...# #.#####
#............♣..♣#...# #.########
#.......#...♣.♣♣♣ ### #.........
#.......##♣♣♣♣♣ ####..##..
#.......# #...##..
#.......############# #..###..
#...................######....##.
##.....##...........#..........#.
##.#####............#........#.#.


You could see Crazy Yiuf.

Vanquished Creatures
  An iguana (D:4)
  8 gnolls
  An adder (D:2)
  4 worms
  5 dart slugs
  6 orcs (D:4)
  5 bats
  4 endoplasms
  A giant cockroach (D:1)
  6 goblins
  12 hobgoblins
  4 jackals (D:1)
  4 quokkas
  3 ball pythons
  5 frilled lizards
  9 kobolds
  10 rats
88 creatures vanquished.

Notes
Turn   | Place    | Note
-------+----------+-------------------------------------------
     0 | D:1      | Maratek the Minotaur Fighter began the quest for the Orb.
     0 | D:1      | Reached XP level 1. HP: 19/19 MP: 0/0
    85 | D:1      | Reached XP level 2. HP: 21/27 MP: 1/1
   145 | D:1      | Reached skill level 4 in Fighting
   259 | D:1      | Reached XP level 3. HP: 33/33 MP: 2/2
   825 | D:2      | Identified the +1 helmet "Zoyxuyfa" {rN+ rCorr}
   849 | D:2      | Reached XP level 4. HP: 8/41 MP: 3/3
  1162 | D:2      | Found Leopnib's Armour Boutique.
  1986 | D:3      | Reached XP level 5. HP: 38/47 MP: 4/4
  2099 | D:3      | You fall into a shaft and drop 1 floor!
  2327 | D:4      | Found Biesyu's Antique Weapon Shop.
  2513 | D:4      | Found a glowing golden altar of the Shining One.
  2532 | D:4      | Reached skill level 5 in Fighting
  2544 | D:4      | Became a worshipper of the Shining One
  2622 | D:4      | Found a sacrificial altar of Ru.
  3339 | D:3      | Found a radiant altar of Vehumet.
  3423 | D:3      | Found a runed translucent door.
  3424 | D:3      | Noticed Crazy Yiuf
  3516 | D:3      | The Shining One protects you from harm!
  3518 | D:3      | HP: 1/46 [Crazy Yiuf/+3 quarterstaff of chaos (5)]
  3519 | D:3      | Succumbed to Crazy Yiuf's poison

Illustrated notes

Levels and vault maps discovered:
D:1:      ebering_hopf_link, layout_loops_ring, minmay_crystal_water,
          minmay_pentomino_r4
D:2:      layout_loops_ring, serial_shops, nicolae_shop_behind_doors
D:3:      layout_basic, old_standard_altar, uniq_crazy_yiuf_cottage
D:4:      layout_gridville, nicolae_ru_the_path_less_chosen,
          amcnicky_altar_gilded, serial_shops, nicolae_shop_trees

Skill      XL: |  1  2  3  4  5 |
---------------+----------------+-----
Fighting       | 4 5 |  5.0
Shields        | 4 |  4.9
Armour         | 4 |  4.9
Long Blades    | 3 4 |  4.2

Action                     |  1- 3 |  4- 6 || total
---------------------------+-------+-------++-------
  Melee: Long sword        |    80 |   112 ||   192
         Headbutt          |    16 |    14 ||    30
    Use: Scroll            |       |     9 ||     9
 Armour: Scale mail        |    57 |    46 ||   103
  Dodge: Dodged            |    44 |    62 ||   106
  Block: Buckler           |    22 |    29 ||    51

Table legend: (Time is in decaauts)
 A = Elapsed time spent in this place.
 B = Non-inter-level travel time spent in this place.
 C = Inter-level travel time spent in this place.
 D = Time resting spent in this place.
 E = Time spent auto-exploring this place.
 F = Levels seen in this place.
 G = Mean time per level.
                   A        B        C        D        E       F      G
               +--------+--------+--------+--------+--------+-----+--------+
         Total |   3569 |   3493 |     76 |    298 |   2657 |   4 |  892.2 |
       Dungeon |   3569 |   3493 |     76 |    298 |   2657 |   4 |  892.2 |
               +--------+--------+--------+--------+--------+-----+--------+

Top non-repeatable levels by time:
     D:2: 1010 daAuts
     D:4: 959 daAuts
     D:3: 802 daAuts
     D:1: 797 daAuts
